Map: Port Aleksander LE

Players

Piroxiljin - Winner!

  • Race: Terran Terran
  • Spawn Location: 5:00

A.I. 1 (Harder)

  • Race: Zerg Zerg
  • Spawn Location: 11:00

VOD

Have the link to the VOD?

Description

Time

  • Played on: Feb. 2, 2019, 12:05 p.m.
  • Length: 53:02
Show
View Real Time Build Order
Export as new Build Order

Piroxiljin Terran - Winner!

Build Orders:  

Get SALT Encoding   

  12  0:01  SCV  
  13  0:13  SCV  
  14  0:21  Supply Depot  
  14  0:25  SCV  
  15  0:32  Refinery  
  15  0:43  SCV  
  16  0:52  Barracks  
  16  0:58  SCV  
  17  1:10  SCV  
  18  1:25  SCV  
  18  1:26  Barracks  
  19  1:44  Supply Depot  
  19  1:54  Barracks Tech Lab  
  19  2:05  Orbital Command  
  19  2:09  Refinery  
  19  2:18  Barracks Tech Lab  
  19  2:20  Engineering Bay  
  19  2:21  Marauder  
  19  2:22  Concussive Shells  
  20  2:41  Marauder  
  22  3:00  Marauder  
  22  3:03  SCV  
  25  3:15  SCV  
  25  3:16  Marauder  
  28  3:22  Marauder  
  30  3:28  Supply Depot  
  30  3:36  SCV  
  31  3:41  Marauder  
  31  3:50  SCV  
  32  4:02  SCV  
  33  4:04  Marauder x2  
  37  4:14  SCV  
  38  4:18  Terran Infantry Weapons Level 1  
  38  4:26  SCV  
  39  4:34  Supply Depot  
  39  4:41  Marauder  
  39  4:43  Combat Shield  
  41  4:57  Supply Depot  
  41  4:59  Marauder  
  43  5:02  Marauder  
  43  5:21  Marauder  
  45  5:24  Marauder  
  43  5:41  Marine  
  43  5:42  SCV  
  45  5:44  Marine  
  45  5:48  Barracks  
  46  5:52  Factory  
  46  5:54  SCV  
  47  5:59  Marine  
  47  6:02  Marine  
  49  6:06  SCV  
  50  6:13  Terran Infantry Armor Level 1  
  50  6:17  Marine  
  51  6:18  SCV  
  51  6:20  Stimpack  
  53  6:35  Marine  
  53  6:49  Widow Mine  
  53  6:51  Barracks Tech Lab  
  55  7:11  Widow Mine  
  35  7:26  Marauder x2  
  39  7:42  Barracks Tech Lab  
  39  7:47  Marauder, Marine  
  42  8:02  Command Center  
  42  8:05  Marine  
  43  8:08  Marine  
  43  8:09  Supply Depot  
  43  8:10  Supply Depot  
  44  8:13  Siege Tank  
  47  8:23  Marine  
  47  8:25  Marine  
  47  8:26  Marine  
  50  8:27  Factory  
  50  8:31  SCV  
  51  8:40  Marine  
  52  8:43  SCV, Marine  
  52  8:44  Marine  
  52  8:45  Siege Tank  
  58  8:52  Bunker  
  59  8:55  SCV  
  59  8:58  Marine  
  59  9:01  Marine  
  59  9:02  Marauder  
  61  9:17  Marauder, Unknown  
  61  9:20  Unknown  
  61  9:22  Unknown  
  51  9:25  Unknown  
  44  9:34  Marine x2  
  44  9:37  Marine  
  42  9:48  Siege Tank  
  42  9:52  Marine  
  47  9:55  Marine  
  47  10:10  Armory, Barracks Tech Lab  
  47  10:12  Armory  
  47  10:13  SCV  
  48  10:20  Siege Tank  
  51  10:25  SCV  
  51  10:26  Refinery, Orbital Command  
  52  10:36  Siege Tank  
  55  10:52  Siege Tank  
  58  11:24  Starport, Siege Tank  
  61  11:34  Siege Tank  
  64  11:40  Terran Vehicle Weapons Level 1  
  64  11:42  Terran Vehicle And Ship Armor Level 1  
  64  11:56  Siege Tank  
  64  11:58  Factory  
  67  12:06  Siege Tank  
  70  12:18  SCV  
  71  12:25  Refinery  
  71  12:27  Command Center  
  71  12:28  Siege Tank  
  74  12:30  SCV  
  74  12:31  Marine x3  
  78  12:38  Cyclone  
  78  12:43  SCV  
  78  12:44  Starport Tech Lab  
  82  12:48  Marine  
  83  12:52  Starport  
  83  12:53  Factory Tech Lab  
  83  12:55  SCV  
  84  13:01  Cyclone  
  87  13:07  Viking  
  87  13:11  Widow Mine  
  91  13:15  Cyclone  
  94  13:34  SCV x2, Widow Mine  
  98  13:41  Supply Depot  
  98  13:44  Supply Depot  
  98  13:46  SCV  
  85  13:54  Planetary Fortress  
  85  13:58  SCV  
  86  14:06  Viking  
  88  14:27  Widow Mine x2, Thor  
  98  14:32  Starport Tech Lab  
  98  14:36  Viking  
  100  14:53  Missile Turret, Medivac  
  103  15:00  SCV  
  103  15:05  Refinery  
  103  15:06  Viking  
  105  15:21  SCV  
  106  15:23  Viking  
  108  15:41  Marine x3  
  111  15:45  Viking  
  113  15:52  SCV  
  113  15:53  Starport, Viking  
  116  15:59  Marauder x2  
  121  16:04  SCV  
  121  16:05  SCV  
  121  16:06  Refinery  
  121  16:10  Terran Vehicle Weapons Level 2  
  122  16:13  Terran Vehicle And Ship Armor Level 2  
  122  16:16  SCV  
  122  16:18  SCV  
  124  16:30  SCV  
  124  16:31  Supply Depot  
  125  16:33  Starport Tech Lab  
  125  16:41  Fusion Core  
  125  16:51  Viking x2  
  129  16:54  Supply Depot  
  127  17:01  Drilling Claws  
  127  17:05  Mag-Field Accelerator  
  125  17:18  Supply Depot  
  125  17:19  Unknown  
  125  17:21  Viking  
  108  17:22  Unknown  
  77  17:59  Marine x3  
  77  18:01  Thor x2  
  77  18:03  Viking x2  
  96  18:06  Factory Tech Lab  
  96  18:17  Marauder, Marine x2  
  100  18:35  Marauder x2  
  100  18:39  Siege Tank  
  107  18:44  Siege Tank  
  107  18:45  Siege Tank  
  107  18:46  SCV  
  114  18:54  Supply Depot  
  114  18:55  Supply Depot  
  114  19:09  SCV  
  115  19:18  Supply Depot  
  115  19:19  Supply Depot  
  115  19:21  SCV  
  116  19:34  Weapon Refit  
  116  19:35  Starport  
  116  19:36  Terran Vehicle Weapons Level 3  
  116  19:54  Terran Vehicle And Ship Armor Level 3  
  116  20:09  Unknown  
  116  20:11  Command Center, Unknown  
  107  20:29  Unknown  
  87  21:16  Command Center  
  87  21:24  Battlecruiser x2  
  99  21:58  Planetary Fortress  
  99  22:05  Refinery  
  99  22:38  SCV  
  100  22:50  SCV  
  101  22:53  SCV  
  102  22:58  Marine  
  102  22:59  Marine x2  
  102  23:01  Battlecruiser  
  102  23:02  SCV  
  102  23:03  Viking x2  
  102  23:05  SCV  
  117  23:15  SCV  
  117  23:17  SCV  
  117  23:18  Terran Ship Weapons Level 1  
  119  23:25  Refinery  
  120  23:27  SCV  
  120  23:29  SCV  
  121  23:36  Starport Tech Lab  
  89  24:11  Battlecruiser  
  95  24:35  Command Center  
  65  25:27  Unknown  
  58  25:43  Thor  
  58  25:44  Thor  
  58  25:45  Battlecruiser x2  
  82  25:54  SCV  
  83  26:01  SCV  
  84  26:06  SCV  
  85  26:12  Marine x2  
  85  26:13  SCV, Marine  
  85  26:18  SCV, Hellion  
  93  26:25  SCV  
  93  26:27  Hellion x2  
  93  26:30  SCV, Marine x3  
  103  26:40  Missile Turret  
  103  26:43  SCV  
  103  26:46  Unknown  
  104  26:47  Missile Turret  
  104  26:48  Hellion x2, Marine x3  
  111  26:55  SCV  
  111  27:01  Hellion  
  112  27:06  Marine x3  
  112  27:07  SCV  
  110  27:10  Hellion x2  
  110  27:14  Unknown  
  90  27:19  Unknown  
  90  27:20  Unknown  
  90  27:22  Hellion  
  77  27:23  Marine  
  77  27:24  Marine x2  
  70  27:55  SCV  
  69  28:07  SCV  
  69  28:09  Hellion  
  69  28:10  Hellion x2  
  69  28:11  Viking x2, Command Center  
  69  28:12  Viking  
  82  28:13  Battlecruiser  
  88  28:34  Unknown  
  88  28:35  Unknown  
  88  28:38  Unknown  
  85  28:41  Battlecruiser  
  85  28:53  Battlecruiser  
  85  29:33  Refinery  
  85  29:35  Refinery  
  85  29:37  SCV  
  86  29:50  SCV  
  87  29:58  Siege Tank x2  
  93  30:02  SCV  
  94  30:14  SCV  
  95  30:26  SCV  
  68  31:01  Battlecruiser  
  68  31:03  Marine x3  
  77  31:21  Marine x3  
  80  31:27  Command Center  
  80  31:30  SCV  
  81  31:37  Unknown  
  81  31:38  Marine  
  81  31:39  Marine x2  
  84  31:40  Unknown  
  84  31:42  SCV  
  85  31:55  SCV  
  85  31:56  Marine x2  
  88  32:07  SCV  
  89  32:16  Missile Turret  
  89  32:19  SCV  
  89  32:20  Missile Turret  
  86  32:37  Battlecruiser  
  86  32:56  Unknown  
  87  33:20  SCV  
  87  33:25  Refinery  
  78  33:32  SCV  
  74  33:44  SCV  
  75  33:56  SCV  
  76  34:08  SCV  
  77  34:30  Battlecruiser x2  
  89  35:08  Marine x3  
  92  35:17  SCV  
  93  35:25  Refinery  
  93  35:26  Marine x3  
  96  35:29  SCV  
  97  35:41  SCV  
  98  35:43  Marine  
  98  35:44  Marine x2  
  101  35:53  SCV  
  102  36:05  SCV  
  96  36:55  Missile Turret  
  96  37:01  Terran Ship Weapons Level 2  
  96  37:06  Battlecruiser x2  
  96  37:08  SCV  
  108  37:20  SCV  
  109  37:32  SCV  
  109  37:44  SCV  
  109  38:13  Battlecruiser x2  
  109  38:17  SCV  
  121  38:41  Missile Turret  
  119  38:49  Battlecruiser  
  125  39:05  Refinery, Command Center  
  125  39:07  Refinery  
  125  39:44  SCV  
  126  39:50  Marine x3  
  129  39:56  SCV  
  129  39:57  Command Center  
  130  40:07  Marine  
  130  40:08  SCV, Marine x2  
  134  40:20  SCV  
  134  40:21  SCV  
  136  40:25  Marine x2  
  138  40:32  SCV  
  138  40:33  SCV  
  140  40:45  SCV  
  141  40:57  SCV  
  142  41:09  SCV  
  143  41:49  Raven  
  143  41:50  Raven x2  
  143  41:52  Viking  
  151  42:17  Unknown  
  151  42:20  Unknown  
  151  42:22  Viking  
  153  42:23  Unknown  
  153  42:33  Battlecruiser x2  
  165  42:58  SCV  
  166  43:02  Refinery  
  166  43:03  Battlecruiser x2  
  178  43:10  SCV  
  179  43:22  SCV  
  180  43:37  Battlecruiser  
  186  44:10  Planetary Fortress  
  178  45:25  Battlecruiser x4  
  196  45:42  SCV  
  196  45:46  Refinery  
  196  45:55  SCV  
  197  46:07  SCV  
  198  46:19  SCV  
  198  46:40  Terran Ship Weapons Level 3  
  198  46:45  SCV  
Show
View Real Time Build Order
Export as new Build Order

A.I. 1 (Harder) Zerg 

Build Orders: 1 Base Baneling Bust, Pool First, Brood Lord Corruptor 

Get SALT Encoding   

  12  0:01  Drone  
  13  0:12  Overlord  
  13  0:18  Drone  
  14  0:30  Drone  
  14  0:31  Drone  
  16  0:44  Spawning Pool  
  16  0:46  Drone  
  16  0:50  Drone  
  16  0:54  Extractor  
  16  0:56  Drone  
  17  1:06  Overlord  
  17  1:31  Zergling x2  
  17  1:32  Queen  
  18  1:36  Zergling x2  
  18  1:38  Drone  
  22  1:40  Roach Warren  
  22  1:41  Extractor  
  20  1:49  Drone  
  21  2:00  Drone  
  22  2:10  Overlord  
  22  2:21  Drone  
  23  2:32  Roach  
  25  2:39  Drone, Roach  
  25  2:40  Overlord  
  28  2:44  Roach  
  30  2:55  Roach  
  32  3:00  Ravager  
  32  3:02  Ravager  
  36  3:05  Roach  
  36  3:10  Ravager  
  36  3:11  Drone, Roach  
  36  3:12  Overlord  
  40  3:18  Roach  
  42  3:28  Drone  
  43  3:35  Baneling Nest  
  43  3:38  Drone  
  43  3:40  Evolution Chamber  
  42  3:43  Drone  
  42  3:47  Drone  
  44  3:50  Drone  
  44  3:53  Drone  
  46  4:01  Drone  
  47  4:12  Drone  
  47  4:14  Overlord  
  48  4:38  Lair, Roach  
  50  4:51  Overlord  
  50  4:57  Zerg Melee Weapons Level 1  
  50  5:10  Roach  
  46  5:31  Zergling x2  
  41  5:37  Roach  
  41  5:40  Hydralisk Den  
  42  5:49  Burrow  
  42  5:53  Roach  
  44  6:00  Roach  
  46  6:06  Roach  
  48  6:12  Hydralisk  
  48  6:17  Spore Crawler  
  49  6:18  Hydralisk  
  49  6:21  Spore Crawler  
  49  6:22  Drone  
  49  6:25  Hydralisk  
  53  6:27  Hatchery  
  53  6:28  Drone  
  53  6:32  Roach  
  55  6:38  Roach  
  57  6:44  Hydralisk  
  57  6:45  Overlord  
  59  6:51  Zerg Missile Weapons Level 1  
  59  6:53  Hydralisk  
  61  6:59  Hydralisk  
  61  7:00  Spine Crawler  
  62  7:01  Drone  
  62  7:03  Overseer, Roach x2  
  62  7:05  Roach  
  62  7:08  Spine Crawler, Overseer  
  62  7:12  Roach  
  56  7:18  Roach  
  58  7:25  Roach  
  60  7:31  Roach  
  60  7:35  Queen  
  64  7:40  Drone  
  64  7:42  Drone  
  66  7:48  Drone  
  67  7:53  Drone  
  67  7:54  Drone  
  67  7:57  Drone x3  
  73  7:58  Drone  
  73  8:00  Drone  
  73  8:03  Drone  
  75  8:11  Overlord  
  75  8:13  Drone  
  76  8:22  Drone  
  76  8:24  Drone  
  78  8:28  Drone, Spore Crawler  
  78  8:29  Drone  
  78  8:31  Drone  
  78  8:33  Drone  
  81  8:36  Drone  
  82  8:43  Overlord  
  82  8:46  Zerg Ground Armor Level 1, Infestation Pit  
  81  8:54  Hatchery  
  80  9:04  Spire  
  72  9:23  Hive  
  62  9:25  Extractor  
  62  9:27  Extractor  
  62  9:29  Evolution Chamber  
  40  9:47  Zergling x2  
  41  10:17  Extractor  
  41  10:18  Corruptor  
  41  10:20  Extractor  
  41  10:28  Infestor  
  41  10:33  Pneumatized Carapace  
  41  10:35  Greater Spire  
  43  10:36  Drone  
  43  10:38  Drone  
  43  10:42  Drone x2  
  47  10:47  Drone  
  47  10:48  Drone  
  49  10:52  Drone  
  49  10:54  Drone  
  49  10:55  Overseer  
  51  10:57  Drone  
  51  10:59  Drone  
  51  11:03  Drone  
  54  11:05  Drone  
  54  11:07  Drone  
  54  11:10  Drone  
  57  11:11  Drone  
  57  11:14  Drone  
  57  11:16  Drone  
  60  11:19  Drone  
  60  11:21  Drone  
  60  11:24  Drone  
  60  11:25  Drone  
  64  11:26  Corruptor  
  64  11:27  Drone  
  64  11:30  Drone  
  64  11:32  Drone  
  69  11:33  Drone  
  69  11:35  Drone  
  69  11:36  Corruptor  
  73  11:46  Infestor, Brood Lord  
  77  11:56  Corruptor  
  77  11:57  Zerg Melee Weapons Level 2  
  79  12:06  Corruptor  
  79  12:07  Brood Lord  
  83  12:14  Spore Crawler  
  83  12:15  Drone  
  83  12:16  Corruptor, Spore Crawler  
  83  12:17  Brood Lord, Drone  
  87  12:23  Zerg Ground Armor Level 2  
  87  12:25  Spore Crawler  
  87  12:26  Drone  
  87  12:29  Queen  
  89  12:33  Queen  
  89  12:34  Overlord  
  89  12:36  Brood Lord  
  93  12:38  Corruptor  
  95  12:54  Brood Lord  
  97  12:58  Overlord  
  97  13:12  Corruptor  
  99  13:18  Corruptor  
  99  13:19  Brood Lord  
  103  13:25  Overlord, Corruptor  
  105  13:34  Pathogen Glands  
  105  13:37  Zergling x2  
  105  13:40  Zerg Flyer Weapons Level 1  
  105  13:46  Corruptor  
  105  13:53  Brood Lord, Corruptor  
  105  13:55  Spine Crawler, Drone  
  108  13:59  Corruptor  
  108  14:00  Brood Lord  
  113  14:08  Spine Crawler  
  113  14:09  Drone  
  113  14:11  Spine Crawler  
  113  14:12  Drone, Zerg Missile Weapons Level 2  
  113  14:13  Spine Crawler  
  113  14:14  Drone  
  113  14:39  Zerg Melee Weapons Level 3  
  113  15:34  Zerg Flyer Armor Level 1  
  113  16:14  Ultralisk Cavern  
  112  16:24  Hatchery  
  111  16:28  Zerg Ground Armor Level 3, Overlord, Roach  
  111  16:30  Hydralisk  
  115  16:34  Roach  
  115  16:37  Roach  
  115  16:39  Hydralisk  
  119  16:42  Hydralisk  
  119  16:46  Roach  
  125  16:47  Lurker Den  
  125  16:48  Overlord  
  125  16:49  Roach  
  125  16:51  Roach  
  127  16:54  Zergling x2  
  127  16:58  Ravager, Roach  
  131  17:04  Ravager  
  131  17:06  Overlord, Roach  
  134  17:08  Hydralisk  
  134  17:11  Hydralisk  
  134  17:14  Hydralisk  
  140  17:16  Zerg Missile Weapons Level 3  
  140  17:17  Infestor  
  140  17:20  Infestor  
  134  17:23  Infestor  
  134  17:26  Overlord  
  134  17:27  Ravager, Roach  
  133  17:31  Overseer  
  133  17:35  Overseer  
  125  17:38  Drone x3, Queen  
  118  17:50  Extractor  
  118  17:51  Drone  
  110  17:52  Overlord, Spore Crawler  
  110  17:53  Drone  
  110  17:54  Spore Crawler  
  110  17:55  Drone, Extractor  
  110  17:57  Drone  
  110  18:09  Glial Reconstitution  
  110  18:14  Hydralisk, Lurker x3  
  110  18:17  Lurker x2  
  110  18:18  Hydralisk, Overlord, Lurker  
  110  18:19  Spine Crawler  
  120  18:20  Spine Crawler, Drone  
  120  18:21  Hydralisk  
  120  18:22  Drone  
  120  18:24  Hydralisk  
  124  18:27  Hydralisk  
  124  18:30  Hydralisk  
  128  18:37  Overlord  
  128  18:52  Zerg Flyer Weapons Level 2  
  128  19:27  Tunneling Claws  
  128  19:53  Spire  
  128  19:55  Drone  
  128  20:08  Roach  
  128  20:18  Zergling x2  
  128  20:22  Hydralisk  
  128  20:24  Overseer  
  128  20:25  Infestor, Overlord, Overseer  
  124  20:28  Hydralisk  
  124  20:33  Overlord  
  100  20:35  Hydralisk  
  100  20:38  Overseer  
  100  20:39  Roach  
  100  20:42  Roach  
  83  20:45  Roach  
  83  20:48  Roach  
  87  20:51  Roach  
  87  20:54  Roach  
  87  20:56  Hydralisk  
  93  20:59  Overlord, Hydralisk  
  93  21:02  Hydralisk  
  97  21:05  Infestor  
  97  21:08  Hydralisk, Lurker  
  97  21:09  Ravager  
  97  21:10  Zerg Flyer Weapons Level 3  
  103  21:12  Roach  
  103  21:14  Infestor, Lurker  
  103  21:17  Hydralisk, Overlord  
  110  21:20  Hydralisk  
  110  21:21  Lurker  
  110  21:24  Ravager x2, Roach  
  117  21:27  Roach  
  117  21:30  Lurker x2  
  117  21:32  Drone, Hatchery, Lurker, Hydralisk  
  122  21:35  Hydralisk  
  122  21:36  Overlord  
  122  21:38  Hydralisk  
  128  21:54  Overlord  
  128  21:57  Zerg Flyer Armor Level 2  
  128  22:44  Queen  
  128  22:50  Extractor  
  129  22:52  Drone  
  129  22:54  Drone, Spore Crawler  
  129  22:57  Drone, Spore Crawler  
  130  23:02  Extractor  
  130  23:04  Drone  
  130  23:09  Roach  
  130  23:11  Overlord, Roach  
  134  23:13  Roach  
  134  23:15  Roach  
  134  23:17  Roach  
  134  23:19  Roach  
  142  23:21  Roach  
  142  23:22  Spine Crawler  
  142  23:24  Roach  
  142  23:25  Spine Crawler  
  142  23:26  Roach  
  146  23:28  Roach  
  146  23:29  Drone x2, Overlord  
  146  23:30  Hydralisk  
  146  23:32  Hydralisk  
  154  23:34  Infestor, Neural Parasite  
  154  23:36  Infestor  
  154  23:39  Infestor  
  154  23:40  Overseer  
  153  23:41  Zergling x2  
  153  23:44  Overseer  
  153  23:47  Hydralisk, Overlord  
  153  23:48  Overseer  
  128  23:49  Hydralisk  
  125  23:56  Roach  
  125  24:00  Roach  
  125  24:02  Roach  
  122  24:04  Roach  
  122  24:06  Overlord, Roach  
  122  24:08  Roach  
  128  24:10  Hydralisk  
  128  24:12  Hydralisk  
  128  24:14  Zerg Flyer Armor Level 3  
  132  24:23  Hydralisk  
  132  24:24  Overlord  
  132  24:26  Hydralisk  
  132  24:28  Infestor  
  132  24:30  Infestor  
  140  24:42  Infestor, Overlord  
  140  24:44  Queen  
  142  24:52  Roach  
  142  24:56  Infestor  
  142  24:58  Hydralisk  
  142  25:01  Overlord  
  142  25:02  Hydralisk  
  142  25:12  Hydralisk  
  142  25:26  Spore Crawler  
  142  25:27  Drone  
  142  25:29  Spore Crawler  
  142  25:30  Drone  
  142  25:31  Zergling x2  
  142  25:33  Infestor  
  142  25:35  Hydralisk  
  140  25:38  Infestor  
  142  25:43  Roach  
  142  25:45  Roach  
  142  26:15  Corruptor  
  142  26:16  Overlord  
  144  26:28  Hatchery  
  145  26:54  Brood Lord  
  145  27:02  Hydralisk  
  145  27:05  Hydralisk  
  139  27:09  Hydralisk  
  139  27:13  Hydralisk  
  133  27:16  Hydralisk  
  133  27:20  Hydralisk  
  126  27:24  Hydralisk  
  126  27:27  Hydralisk  
  122  27:31  Infestor  
  122  27:35  Infestor  
  122  27:39  Zergling x2  
  122  27:42  Drone  
  122  27:43  Queen, Lurker, Roach  
  119  27:47  Extractor, Drone, Roach  
  119  27:49  Drone, Spore Crawler  
  119  27:50  Hydralisk  
  123  27:52  Spore Crawler  
  123  27:53  Drone  
  123  27:54  Extractor, Drone, Roach  
  123  27:55  Spore Crawler  
  123  27:57  Drone  
  125  28:09  Ravager, Roach  
  128  28:14  Ravager  
  128  28:15  Spine Crawler, Drone, Ravager, Roach  
  128  28:16  Spine Crawler  
  128  28:18  Drone  
  128  28:19  Roach  
  134  28:36  Queen  
  134  28:39  Hydralisk  
  129  28:43  Hydralisk  
  129  28:47  Infestor  
  122  28:51  Hydralisk  
  122  28:54  Hydralisk  
  119  28:58  Hydralisk  
  119  29:02  Zergling x2  
  118  29:05  Infestor  
  118  29:09  Hydralisk  
  120  29:11  Queen  
  120  29:15  Infestor  
  122  29:22  Hydralisk, Lurker  
  125  29:26  Hydralisk, Lurker x2  
  125  29:30  Hydralisk  
  131  29:33  Hydralisk  
  131  29:34  Lurker  
  134  29:51  Ultralisk  
  140  29:56  Ultralisk  
  146  30:01  Ultralisk  
  146  30:03  Overlord  
  146  30:06  Ultralisk  
  158  30:12  Ultralisk  
  164  30:17  Ultralisk  
  170  30:23  Overlord  
  170  30:27  Ultralisk  
  176  30:36  Zergling x2  
  176  30:37  Overseer  
  176  30:39  Chitinous Plating  
  176  30:41  Overlord  
  172  30:43  Hydralisk  
  172  30:48  Hydralisk  
  164  30:53  Hydralisk  
  161  31:30  Hatchery  
  161  31:31  Drone  
  161  32:05  Queen  
  161  32:22  Hydralisk  
  161  32:28  Hydralisk  
  158  32:33  Hydralisk  
  153  32:38  Hydralisk  
  153  32:43  Hydralisk, Queen  
  157  32:48  Zergling x2  
  152  32:53  Hydralisk  
  152  32:55  Extractor  
  152  32:56  Drone  
  154  33:05  Drone, Spore Crawler  
  154  33:06  Hydralisk  
  154  33:07  Drone, Spore Crawler  
  154  33:10  Extractor  
  154  33:11  Queen  
  154  33:12  Drone  
  154  33:14  Drone  
  154  33:17  Drone x3  
  154  33:18  Drone x2  
  154  33:19  Roach  
  154  33:20  Hydralisk  
  154  33:21  Drone  
  154  33:26  Zergling x2  
  140  33:28  Spine Crawler, Drone  
  140  33:29  Drone x2  
  140  33:30  Hydralisk  
  140  33:31  Spine Crawler  
  140  33:32  Drone  
  140  33:34  Spine Crawler, Drone  
  132  33:35  Hydralisk  
  132  33:37  Spine Crawler, Drone  
  132  33:38  Extractor  
  132  33:40  Drone, Hydralisk  
  135  33:42  Spine Crawler, Drone x3, Overseer  
  135  33:45  Drone, Hydralisk  
  135  33:48  Queen  
  135  33:50  Hydralisk  
  135  33:53  Drone  
  132  33:55  Hydralisk  
  132  33:56  Drone  
  132  33:57  Drone  
  132  33:59  Drone  
  132  34:01  Drone, Zergling x2  
  128  34:04  Drone x2  
  128  34:06  Hydralisk  
  129  34:11  Hydralisk  
  129  34:12  Drone  
  129  34:15  Drone  
  129  34:16  Hydralisk  
  131  34:20  Overlord, Overseer  
  131  34:21  Hydralisk  
  131  34:36  Hydralisk  
  131  34:39  Overlord  
  131  34:41  Hydralisk  
  124  34:46  Zergling x2  
  124  34:52  Ultralisk  
  123  34:53  Overseer  
  123  34:57  Ultralisk  
  123  34:59  Overlord  
  123  35:01  Hydralisk  
  123  35:02  Ultralisk  
  123  35:04  Ultralisk  
  123  35:05  Ultralisk  
  123  35:06  Hydralisk  
  127  35:09  Ultralisk x2  
  127  35:10  Overseer  
  127  35:17  Hydralisk  
  127  35:18  Overlord  
  127  35:20  Drone  
  128  35:23  Zergling x2  
  128  35:28  Overseer  
  124  35:36  Drone, Overlord, Hydralisk  
  125  35:51  Hatchery, Overseer  
  125  35:52  Hydralisk  
  125  35:54  Drone, Overlord  
  125  35:55  Drone x2  
  125  35:57  Hydralisk  
  125  36:02  Drone, Hydralisk  
  120  36:06  Ultralisk x4  
  120  36:07  Hydralisk  
  120  36:09  Overseer  
  122  36:13  Ultralisk, Overlord  
  122  36:17  Extractor  
  122  36:18  Zergling x2  
  126  36:20  Hydralisk  
  126  36:24  Roach  
  123  36:26  Overlord  
  123  36:32  Roach  
  115  36:41  Roach  
  115  36:44  Infestor, Overlord  
  114  36:48  Zergling x2  
  114  36:50  Hydralisk  
  114  36:53  Hydralisk  
  89  36:56  Roach  
  89  36:59  Roach  
  91  37:02  Roach  
  91  37:04  Overlord  
  91  37:05  Hydralisk  
  91  37:06  Hatchery  
  91  37:08  Hydralisk  
  88  37:11  Hydralisk  
  88  37:12  Overseer  
  88  37:14  Roach  
  91  37:16  Hatchery, Hydralisk  
  91  37:19  Infestor, Overseer  
  91  37:22  Infestor, Overlord  
  92  37:26  Roach  
  86  37:30  Extractor, Zergling x2  
  80  37:40  Extractor, Overlord  
  77  37:45  Lurker  
  77  37:50  Overseer  
  77  37:51  Overlord  
  78  38:00  Overseer  
  78  38:05  Hydralisk  
  76  38:09  Overlord, Zergling x2  
  76  38:12  Roach  
  71  38:15  Roach  
  71  38:18  Roach  
  75  38:20  Hydralisk  
  75  38:23  Hydralisk  
  75  38:26  Infestor  
  81  38:28  Spine Crawler, Drone x3, Overlord  
  81  38:30  Roach  
  81  38:33  Roach  
  82  38:34  Extractor, Drone  
  82  38:35  Roach  
  82  38:36  Spore Crawler  
  82  38:37  Drone, Spore Crawler  
  82  38:38  Drone, Hydralisk  
  82  38:39  Extractor, Drone  
  86  38:42  Infestor  
  86  38:45  Zergling x2  
  86  38:47  Overlord x2  
  89  38:50  Overlord  
  76  39:02  Spine Crawler  
  76  39:06  Roach  
  76  39:07  Hydralisk Den  
  76  39:08  Overlord, Roach  
  74  39:10  Spine Crawler  
  74  39:11  Roach  
  68  39:24  Overlord  
  68  39:26  Overlord  
  58  39:46  Overlord  
  55  39:59  Overlord  
  55  40:02  Overlord  
  55  40:08  Overlord  
  54  40:19  Spawning Pool  
  54  40:20  Overlord  
  53  40:38  Evolution Chamber  
  53  40:39  Overlord  
  52  40:46  Overlord  
  52  40:47  Hatchery  
  49  41:02  Extractor  
  44  41:05  Overlord  
  44  41:09  Lair  
  42  41:12  Drone  
  42  41:13  Spore Crawler  
  42  41:16  Spine Crawler, Drone  
  40  41:23  Drone x2, Overlord, Zergling x2  
  40  41:24  Zergling x2  
  41  41:25  Zergling x2  
  41  41:26  Spine Crawler, Zergling x2  
  41  41:27  Zergling x2  
  41  41:30  Zergling x2, Metabolic Boost  
  42  41:33  Drone  
  42  41:34  Drone  
  42  41:35  Drone  
  42  41:41  Drone, Overlord  
  42  41:42  Drone x2, Baneling Nest  
  42  41:45  Spore Crawler  
  42  41:46  Drone x2  
  44  41:47  Drone  
  44  41:49  Evolution Chamber, Drone x2  
  44  41:52  Roach Warren, Drone  
  44  41:54  Extractor, Drone  
  44  41:57  Drone  
  44  41:59  Drone x2  
  44  42:00  Drone x4, Overlord  
  44  42:01  Drone  
  50  42:03  Drone x2  
  50  42:04  Drone x2  
  50  42:05  Drone x2  
  50  42:06  Drone  
  53  42:12  Spore Crawler  
  53  42:14  Overseer  
  53  42:15  Hydralisk Den  
  47  42:18  Drone x3, Overlord  
  47  42:19  Drone x2  
  47  42:20  Drone, Overseer, Infestation Pit  
  47  42:21  Drone  
  48  42:28  Evolution Chamber, Drone  
  46  42:33  Roach Warren  
  46  42:34  Drone  
  46  42:35  Drone, Spore Crawler  
  46  42:36  Overlord, Zergling x2  
  46  42:37  Drone, Zergling x6  
  43  42:39  Zergling x4  
  43  42:40  Spore Crawler  
  46  42:48  Hydralisk Den  
  42  42:56  Overlord  
  42  42:57  Infestor  
  39  42:59  Infestor  
  39  43:00  Evolution Chamber  
  40  43:11  Spawning Pool  
  38  43:13  Roach  
  38  43:15  Overlord, Roach  
  38  43:17  Roach  
  38  43:19  Hydralisk  
  45  43:21  Hydralisk  
  47  43:31  Evolution Chamber  
  47  43:33  Overlord, Roach  
  45  43:36  Roach  
  45  43:37  Hydralisk  
  45  43:40  Roach  
  44  43:42  Roach  
  44  43:44  Roach  
  44  43:46  Drone, Hydralisk  
  50  43:51  Drone, Overlord, Roach  
  50  43:52  Drone  
  50  43:54  Drone, Roach  
  56  43:56  Roach  
  56  44:01  Drone, Lair  
  58  44:03  Roach Warren, Drone  
  58  44:07  Drone x2  
  58  44:08  Drone x2  
  58  44:09  Hydralisk  
  59  44:10  Drone x2, Overlord  
  59  44:11  Drone, Hydralisk  
  62  44:19  Spine Crawler, Drone  
  62  44:20  Drone  
  62  44:23  Drone  
  61  44:29  Evolution Chamber, Drone  
  61  44:30  Drone  
  61  44:33  Overlord  
  61  44:36  Spine Crawler  
  57  44:43  Drone, Roach  
  57  44:44  Drone x2  
  55  44:46  Roach  
  55  44:48  Roach  
  55  44:52  Zergling x2  
  47  44:53  Zergling x2, Baneling Nest  
  47  44:54  Zergling x2  
  36  45:02  Roach, Overseer, Zergling x4  
  36  45:03  Overlord  
  36  45:05  Roach  
  36  45:06  Drone  
  39  45:11  Overseer  
  39  45:13  Spawning Pool  
  32  45:15  Roach  
  32  45:17  Roach  
  33  45:26  Overlord  
  31  45:33  Evolution Chamber  
  28  45:47  Overlord  
  17  45:57  Drone  
  17  46:02  Hatchery  
  13  46:08  Drone  
  13  46:19  Drone  
  14  46:26  Spawning Pool  
  14  46:30  Drone  
  13  46:40  Drone  
  14  46:51  Overlord  
  13  47:09  Drone  
  13  47:12  Drone  
  13  47:13  Overlord  
  13  47:14  Drone  
  13  47:15  Spawning Pool  
  14  47:24  Drone  
  14  47:25  Hatchery  
  14  47:31  Extractor  
  14  47:34  Drone  
  14  47:35  Drone  
  15  47:37  Hatchery  
  15  47:42  Extractor  
  13  47:44  Spawning Pool  
  13  47:45  Drone  
  13  47:46  Drone  
  13  47:49  Evolution Chamber  
  13  47:55  Drone  
  13  47:56  Drone x2  
  13  47:57  Evolution Chamber  
  14  48:06  Drone, Spawning Pool  
  14  48:07  Drone  
  15  48:17  Drone  
  15  48:18  Drone  
  16  48:21  Spawning Pool  
  14  48:28  Drone x2  
  14  48:37  Drone  
  14  48:38  Drone, Spawning Pool  
  14  48:39  Drone  
  14  48:47  Drone  
  14  48:48  Evolution Chamber  
  14  48:49  Drone x2  
  14  48:50  Drone  
  14  48:58  Drone  
  14  48:59  Drone  
  14  49:00  Drone x2  
  14  49:01  Drone x2  
  16  49:03  Drone  
  16  49:09  Drone  
  15  49:10  Drone x2  
  15  49:11  Drone  
  13  49:19  Extractor  
  13  49:21  Drone x2, Overlord  
  7  49:32  Drone x2  
  7  49:33  Drone  
  8  49:42  Drone, Overlord  
  6  50:01  Hatchery  
  6  50:02  Overlord x2  
  4  50:09  Drone  
  5  50:18  Drone  
  6  50:28  Hatchery  
  5  50:45  Hatchery  
  4  50:54  Drone  
  4  50:56  Overlord  
  5  51:11  Hatchery  
  5  51:14  Drone  
  5  51:15  Overlord  
  5  51:16  Drone  
  6  51:31  Drone  
  2  51:47  Overlord  
  2  51:50  Drone  
  3  52:00  Hatchery  
  1  52:20  Hatchery  
    52:24  Drone  
  1  52:34  Drone  
  1  52:45  Drone  
Tags
 
Add a new tag
Caveats
  • Supply blocks, unpowered buildings, or Contaminate may cause inaccurate times.
  • Supply counts are checked every 10 seconds.